 Dungeon Crawl Stone Soup version 0.17-a0-1834-gef58047 (webtiles) character file.

410 TruthSerum the Skirmisher (level 6, -1/58 HPs)
             Began as a Minotaur Fighter on Sept 15, 2015.
             Slain by a wight
             ... wielding a +1 morningstar of protection
              (12 damage)
             ... on level 4 of the Dungeon.
             The game lasted 00:09:15 (2716 turns).

TruthSerum the Skirmisher (Minotaur Fighter)        Turns: 2716, Time: 00:09:15

Health: -1/58      AC: 10    Str: 26    XL:     6   Next: 58%
Magic:  5/5        EV:  7    Int:  5    God:
Gold:   183        SH: 10    Dex: 11    Spells: 0 memorised, 5 levels left

rFire  . . .     SeeInvis .     g - +0 scimitar (curse)
rCold  . . .     Clarity  +     b - +0 scale mail
rNeg   . . .     SustAt   .     c - +0 shield
rPois  +         Gourm    .     (helmet restricted)
rElec  .         Spirit   .     (no cloak)
rCorr  .         Warding  .     s - +2 pair of gloves
rMut   .         Stasis   .     (no boots)
MR     .....                    q - amulet of clarity
Stlth  ..........               (no ring)
                                k - ring of poison resistance

@: mighty, not resistant to hostile enchantments, extremely unstealthy
A: retaliatory headbutt, horns 2
a: no special abilities


You were on level 4 of the Dungeon.
You were hungry.

You visited 1 branch of the dungeon, and saw 4 of its levels.

You collected 183 gold pieces.

Inventory:

Hand weapons
 g - a cursed +0 scimitar (weapon)
Armour
 b - a +0 scale mail (worn)
 c - a +0 shield (worn)
 s - a +2 pair of gloves (worn)
Jewellery
 k - a ring of poison resistance (left hand)
 q - an amulet of clarity (around neck)
Magical devices
 n - a wand of invisibility (1)
Scrolls
 f - 2 scrolls of remove curse
 m - 3 scrolls of blinking
 o - 2 scrolls of teleportation
 t - a scroll of enchant armour {unknown}
 u - a scroll of noise {unknown}
Potions
 h - a potion of curing
 j - a potion of flight
 l - a potion of brilliance
 r - 2 potions of cure mutation {unknown}
 v - a potion of poison {unknown}
Comestibles
 e - 3 bread rations
 i - 2 meat rations
 p - a beef jerky


   Skills:
 + Level 6.9 Fighting
 + Level 6.2 Long Blades
 - Level 3.6 Armour
 - Level 3.6 Shields


You had 5 spell levels left.
You didn't know any spells.

Dungeon Overview and Level Annotations

Branches:
Dungeon (4/15)
 Temple: D:4-7

Altars:
Yredelemnul

Annotations:
D:4 Robin


Innate Abilities, Weirdness & Mutations

You reflexively headbutt those who attack you in melee.
You have a pair of horns on your head.


Message History

The goblin hits you but does no damage.
Robin says, "Bow before me, strongest of all the hobgoblins!"
Robin closely misses you. The goblin hits you with a dagger.
* * * LOW HITPOINT WARNING * * *
You closely miss the goblin. You headbutt the goblin.
You kill the goblin!
The hobgoblin hits you but does no damage.
You block the wight's attack. The goblin closely misses you.
Robin roars a battlecry!
The goblins go into a battle-frenzy!
Robin hits you but does no damage. The goblin hits you but does no damage.
You block the goblin's attack. You block the hobgoblin's attack.
Things that are here:
a club; a +0 long sword; a robe You block the goblin's attack.
Items here: ( ))))))) [[[ †† You closely miss the wight.
The wight is moderately damaged.
The wight hits you with a morningstar of protection!
You die...

...##..# #..#
##.##..# #..#
##.##..# #..#
+..##..# #..#
#......##.. #..#..#
##.##..##..##..#..#
#.# +......#..# +.#
#......#..# #.#
#......#@#####
#......#z##..#
+.....g#gg#.z#
#......g..#..##.#
#......#..'.....#
....(..#..#.......
#..##+######.##.##
#. +# .


You could see a wight, Robin, a hobgoblin (frenzied) and a goblin (frenzied).

Vanquished Creatures
  A scorpion (D:4)
  4 wights (D:4)
  A hound (D:4)
  2 worker ants (D:4)
  An orc wizard (D:3)
  2 adders (D:3)
  An ooze (D:2)
  2 worms (D:2)
  2 orcs (D:3)
  A ball python (D:1)
  9 bats
  3 giant cockroaches
  2 gnoll zombies (D:2)
  12 hobgoblins
  2 jackals (D:1)
  4 kobolds
  3 quokkas
  7 giant newts
  11 goblins
  5 rats
75 creatures vanquished.

Notes
Turn   | Place    | Note
--------------------------------------------------------------
     0 | D:1      | TruthSerum the Minotaur Fighter began the quest for the Orb.
     0 | D:1      | Reached XP level 1. HP: 19/19 MP: 0/0
   309 | D:1      | Reached skill level 4 in Fighting
   309 | D:1      | Reached XP level 2. HP: 27/27 MP: 1/1
   930 | D:2      | Found a basalt altar of Yredelemnul.
  1137 | D:2      | Reached XP level 3. HP: 15/34 MP: 2/2
  2024 | D:3      | Reached XP level 4. HP: 41/41 MP: 3/3
  2114 | D:3      | Reached skill level 5 in Fighting
  2575 | D:4      | Reached XP level 5. HP: 45/48 MP: 4/4
  2635 | D:4      | Reached skill level 5 in Long Blades
  2646 | D:4      | Reached skill level 6 in Fighting
  2658 | D:4      | Reached XP level 6. HP: 39/58 MP: 5/5
  2686 | D:4      | Noticed Robin
  2716 | D:4      | Slain by a wight

Vault maps used:
D:1:      eino_arrival_druids_welcome, st_stairs_6
D:2:      lemuel_zombie_altar_yredelemnul, first_bread, minmay_joined_circles
D:4:      uniq_robin

Action                   |  1- 3 |  4- 6 || total
-------------------------+-------+-------++-------
Melee: Long sword        |    99 |    83 ||   182
       Scimitar          |       |    20 ||    20
  Use: Scroll            |     9 |       ||     9
       Potion            |       |     1 ||     1
  Eat: Chunk             |     4 |     1 ||     5
